 Dungeon Crawl Stone Soup version 0.31-a0-1529-g7bd419a0e5 (webtiles) character file.

Game seed: 10002095584444524896

4419 NoAnimeNoLife the Summoner (level 10, -4/81 HPs)
             Began as a Naga Warper on Dec 31, 2023.
             Killed by an exploding ice beast (10 damage)
             ... ignited by their inner flame
             ... on level 8 of the Dungeon.
             The game lasted 00:29:36 (7939 turns).

NoAnimeNoLife the Summoner (Naga Warper)            Turns: 7939, Time: 00:29:37

Health: -4/81      AC: 16    Str: 18    XL:     10   Next: 36%
Magic:  19/19      EV:  8    Int: 14    God:
Gold:   359        SH:  0    Dex: 10    Spells: 13/22 levels left

rFire   . . .        f - +4 halberd
rCold   . . .        (shield currently unavailable)
rNeg    . . .        E - +3 ring mail
rPois   +            u - +0 helmet
rElec   .            r - +1 cloak
rCorr   .            (no gloves)
SInv    +            (no barding)
Will    +....        w - amulet of magic regeneration Stlth
                     o - ring of flight
HPRegen 0.33/turn    c - +4 ring of protection
MPRegen 0.56/turn

%: no passive effects
@: unable to call your familiar, flying, very slow
A: AC +3, large, see invisible, deformed body, poison resistance, slowness 2,
spit poison 1, naga tail 1
a: Spit Poison


You were on level 8 of the Dungeon.
You visited 2 branches of the dungeon, and saw 9 of its levels.

You collected 359 gold pieces.

Inventory:

Hand Weapons
 a - a +1 spear
 f - a +4 halberd (weapon)
Missiles
 k - 18 poisoned darts
 F - a throwing net
Armour
 b - a +0 leather armour
 r - a +1 cloak (worn)
 u - a +0 helmet (worn)
 E - a +3 ring mail (worn)
Jewellery
 c - a +4 ring of protection (right hand)
 m - a ring of wizardry
 o - a ring of flight (left hand)
 w - an amulet of magic regeneration (around neck)
 z - an amulet of the acrobat
 B - a ring of protection from fire
Wands
 e - a wand of roots (4)
 i - a wand of paralysis (5)
 v - a wand of polymorph (7)
Scrolls
 g - a scroll of revelation {@r4}
 h - a scroll of amnesia
 j - 2 scrolls of blinking {@r3}
 n - a scroll of noise
 y - a scroll of enchant weapon
 C - a scroll of immolation
 I - a scroll of identify {@r1}
Potions
 d - a potion of lignification {unknown}
 l - a potion of magic
 p - a potion of degeneration {unknown}
 q - a potion of brilliance
 t - a potion of resistance {unknown}
 x - a potion of attraction {unknown}
 A - a potion of mutation {unknown}
 D - a potion of haste {unknown}
 G - a potion of curing {@q1}
 H - a potion of berserk rage


   Skills:
 - Level 2.7 Fighting
 + Level 9.1 Polearms
 - Level 0.8 Throwing
 - Level 0.7 Armour
 - Level 1.5 Dodging
 - Level 6.5 Spellcasting
 + Level 9.5 Summonings
 - Level 3.0 Translocations


You had 13 spell levels left.
You knew the following spells:

 Your Spells              Type           Power      Damage    Failure   Level
a - Blink                 Tloc           24%        N/A       12%         2
b - Summon Small Mammal   Summ           100%       N/A       1%          1
c - Call Canine Familiar  Summ           31%        N/A       1%          3
d - Summon Ice Beast      Ice/Summ       17%        N/A       12%         3

Your spell library contained the following spells:

 Spells                   Type           Power      Damage    Failure   Level
 Lesser Beckoning         Tloc           24%        N/A       12%         2
 Momentum Strike          Conj/Tloc      16%        3d8       22%         2
 Teleport Other           Tloc           12%        N/A       24%         3
 Summon Blazeheart Golem  Fire/Summ      17%        N/A       36%         4
 Volatile Blastmotes      Fire/Tloc      16%        2d11      41%         3
 Manifold Assault         Tloc           12%        N/A       61%         4
 Dazzling Flash           Conj/Hex       8%         N/A       63%         3
 Hailstorm                Conj/Ice       4%         3d5       63%         3
 Vhi's Electric Charge    Tloc/Air       16%        N/A       82%         4
 Ignite Poison            Fire/Alch      4%         N/A       95%         4
 Sticky Flame             Fire/Alch      4%         2d4       95%         4
 Sculpt Simulacrum        Ice/Alch       2%         N/A       100%        6
 Starburst                Conj/Fire      2%         6d3       100%        6
 Ignition                 Fire           2%         3d3       100%        8
 Maxwell's Capacitive Co  Air            2%         ∞         100%        8


Dungeon Overview and Level Annotations

Branches:
Dungeon (8/15)             Temple (1/1) D:7            Lair (0/5) D:8

Altars:
Ashenzari
Gozag
Kikubaaqudgha
Makhleb
Nemelex Xobeh
Okawaru
Ru
Sif Muna
Trog
Uskayaw
Vehumet
Xom
Yredelemnul
Zin
The Shining One

Shops:
D:4 :(   D:5 *   D:8 =

Annotations:
D:3 2 transporters, losten's ghost, amateur DsSu
D:8 Pikel


Innate Abilities, Weirdness & Mutations

Your serpentine skin is tough. (AC +3)
You have supernaturally acute eyesight. (SInv)
Armour fits poorly on your strangely shaped body.
Your system is resistant to poisons. (rPois)
You cover ground very slowly.
You can spit poison.
You have a snake-like lower body.


Message History

Your ice beast barely misses the yak.
Your inugami hits the yak.
Flame seeps out of the yak.
The yak is engulfed in blazing flames.
Flame seeps out of the yak.
Your inugami barely misses the yak.
The yak is engulfed in blazing flames.
Flame seeps out of the yak.
Aiming: Paralyse
Press: ? - help, Shift-Dir - straight line
Okay, then.
Okay, then.
Aiming: Fastroot
Press: ? - help, Shift-Dir - straight line, f - yak
Aim: a yak (moderately wounded, inner flame)
The roots erupt in riotous growth!
Roots grab the yak.
Your ice beast is unaffected.
Roots grab the yak.
Your inugami is unaffected.
The grasping roots constrict the yak!
Flame seeps out of the yak.
The grasping roots constrict the yak.
Flame seeps out of the yak.
You hear a bellow!
You hear an angry hiss.
You hear a shout! x2
The yak is engulfed in blazing flames.
The yak explodes!
The fiery explosion engulfs your ice beast!!!
Your ice beast melts!
Your ice beast disappears in a puff of smoke!
The fiery explosion engulfs you!!!
Ouch! That really hurt!
The fiery explosion engulfs your inugami!
Flame seeps out of your inugami.
Your inugami is moderately wounded.
The fiery explosion engulfs the yak!!
The yak explodes!
The fiery explosion engulfs your inugami!!!
Your inugami disappears in a puff of smoke!
Your inugami explodes!
The fiery explosion engulfs you!!
* * * LOW HITPOINT WARNING * * *
Your ice beast explodes!
The fiery explosion engulfs you!
You die...

*,,,,,....P..........,,,,,,,
*,,,,,.....P.P...P...,,,,,,,
*,,,,,,#....P..P.....,,,,,,,
*#######.P.......Y.P.,,,,,**
#............P.Y....,,,,,,,
##'#####......Y...K..,*,,,,,
#.Y..# #..§§§§°Y.Y...**,,,,,
#....# #..§§○○#..,,,,,*,,,,,
#.†..# #...@○§#,,,,,,,*,,**,
#....# #...§§§#,,,,,,,**,,,,
#....###......#*,,,,,****,,,
#....#........#*,,,,,* *,,,
##.###.÷.....)#*,,,,,****,,,
#...........)##,,,,,,,,,,,*
#######..####.####..#,,,,,,,,^,,,
#........#.......#).......,,,,,,*
##.####..#.......#...#...#,,,,,,,


You could see 4 yaks and a kobold (unaware).

Vanquished Creatures
  Maggie (D:7)
  A steam dragon (D:6)
  2 yaks (D:8)
  An ice beast (D:8)
  A sky beast (D:7)
  2 black bears
  3 ogres
  2 centaurs (D:5)
  2 kobold brigands
  4 bullfrogs
  7 wights
  A bombardier beetle (D:4)
  A gnoll bouda (D:6)
  4 hounds
  7 orc priests
  4 iguanas
  2 sleepcaps
  Natasha (twice) (D:4)
  9 gnolls
  6 adders
  3 white imps
  2 ufetubi (D:5)
  5 dart slugs
  13 orcs
  5 ball pythons
  6 endoplasms
  4 giant cockroaches
  7 goblins
  7 hobgoblins
  6 quokkas
  6 bats
  3 frilled lizards
  25 kobolds
  4 rats
158 creatures vanquished.

Vanquished Creatures (collateral kills)
  Sigmund (D:6)
  3 water moccasins (D:8)
  3 black bears
  A sky beast (D:7)
  An orc warrior (D:7)
  An ogre (D:6)
  A kobold brigand (D:8)
  A gnoll sergeant (D:8)
  A scorpion (D:5)
  2 wights
  2 bombardier beetles (D:5)
  2 orc priests (D:7)
  A gnoll bouda (D:6)
  Natasha (D:4)
  2 orc wizards (D:7)
  6 gnolls
  A ribbon worm (D:5)
  2 orcs
  A goblin (D:4)
  3 kobolds
36 creatures vanquished.

Vanquished Creatures (others)
  An orc wizard (D:7)
  A gnoll (D:6)
  An adder (D:6)
  An orc (D:7)
4 creatures vanquished.

Grand Total: 198 creatures vanquished

Notes
Turn   | Place    | Note
-------+----------+-------------------------------------------
     0 | D:1      | NoAnimeNoLife the Naga Warper began the quest for the Orb.
     0 | D:1      | Reached XP level 1. HP: 19/19 MP: 3/3
    49 | D:1      | Reached XP level 2. HP: 16/27 MP: 5/5
   485 | D:1      | Reached XP level 3. HP: 33/33 MP: 6/6
   491 | D:1      | Learned a level 2 spell: Blink
  1000 | D:2      | Reached skill level 1 in Summonings
  1235 | D:3      | Reached XP level 4. HP: 40/40 MP: 7/7
  1487 | D:3      | Found a transporter.
  1813 | D:3      | Found a transporter.
  1815 | D:3      | Noticed losten's ghost (amateur DsSu)
  2074 | D:4      | Noticed Natasha
  2085 | D:4      | Killed Natasha
  2086 | D:4      | Reached XP level 5. HP: 43/46 MP: 8/8
  2297 | D:4      | Noticed Natasha
  2344 | D:4      | Noticed a black bear
  2373 | D:4      | Reached XP level 6. HP: 27/55 MP: 9/9
  2375 | D:4      | Killed a black bear
  2613 | D:4      | Reached skill level 5 in Polearms
  2672 | D:4      | Found Kuir's Book Boutique.
  2687 | D:4      | Killed Natasha
  2755 | D:4      | Learned a level 1 spell: Summon Small Mammal
  2759 | D:4      | Learned a level 3 spell: Call Canine Familiar
  2891 | D:3      | Reached XP level 7. HP: 15/57 MP: 10/10
  3334 | D:4      | Noticed Natasha
  3352 | D:5      | Entered Level 5 of the Dungeon
  3456 | D:5      | Reached skill level 5 in Summonings
  3581 | D:4      | Found a burning altar of Makhleb.
  3674 | D:4      | Found a bloodstained altar of Trog.
  3826 | D:4      | Found Zeinoc's Antique Weapon Shop.
  3832 | D:4      | Reached XP level 8. HP: 50/68 MP: 9/11
  3839 | D:4      | Killed Natasha
  4657 | D:5      | Found Didogust's Desiderata Depot.
  4896 | D:6      | Reached XP level 9. HP: 50/74 MP: 15/15
  5033 | D:6      | Noticed Sigmund
  5048 | D:6      | Killed Sigmund
  5134 | D:6      | Found a shimmering blue altar of Sif Muna.
  5302 | D:5      | Learned a level 3 spell: Summon Ice Beast
  5441 | D:6      | Found a hide-covered altar of Uskayaw.
  5663 | D:6      | Reached skill level 5 in Spellcasting
  6096 | D:7      | Noticed Maggie
  6108 | D:7      | HP: 3/72 [constriction (9)]
  6475 | D:8      | Found Cipasaif's Jewellery Boutique.
  6564 | D:7      | Found a staircase to the Ecumenical Temple.
  6580 | Temple   | Entered the Ecumenical Temple
  6715 | D:7      | Killed Maggie
  6716 | D:7      | Reached XP level 10. HP: 9/81 MP: 16/19
  6719 | D:7      | HP: 2/81 [orc/+0 short sword (3)]
  7564 | D:8      | Found a radiant altar of Vehumet.
  7632 | D:8      | Noticed Pikel
  7939 | D:8      | Killed by an exploding ice beast... ignited by their inner
                  | flame

Illustrated notes

Levels and vault maps discovered:
D:1:      roadster_arrival_rocket_small, layout_basic
D:2:      layout_rooms
D:3:      minmay_bubble_buster, layout_basic, gammafunk_ghost_mausoleum
D:4:      layout_loops_ring, makhleb_heckhound_becter, kennysheep_little_box,
          serial_shops, nicolae_book_shop_shelving,
          nicolae_shop_pleasant_corner_grove, uniq_natasha
D:5:      layout_basic, hangedman_decor_clover_reticule, nicolae_alphabet_shops
D:6:      layout_basic, mainiacjoe_overflow_chevrons,
          nicolae_uskayaw_murder_on_the_dancefloor, hangedman_decor_peaks_small,
          uniq_sigmund
D:7:      layout_cave_pools, minmay_temple_entry_junction, uniq_maggie
D:8:      minmay_klotski, layout_basic,
          mainiacjoe_overflow_concentric_impassable,
          lemuel_coloured_pillars_altar, lemuel_tele_altar,
          due_lair_maze_entry_diamond, serial_shops, shop, uniq_pikel
Temple:   jpeg_temple_alley_garden

Skill      XL: |  1  2  3  4  5  6  7  8  9 10 |
---------------+-------------------------------+-----
Polearms       | 3 4 5 6 8 9 |  9.1
Summonings     | 1 2 3 4 6 7 9 |  9.5
Spellcasting   | 4 6 |  6.5
Fighting       | |  2.7
Throwing       | |  0.8
Armour         | |  0.7
Dodging        | |  1.5
Translocations | |  3.0

Action                     |  1- 3 |  4- 6 |  7- 9 | 10-12 || total
---------------------------+-------+-------+-------+-------++-------
  Melee: Spear             |    60 |   141 |    65 |       ||   266
         Punch             |       |     1 |     1 |       ||     2
         Halberd           |       |       |   215 |    42 ||   257
  Throw: Dart              |     1 |    12 |     2 |       ||    15
   Cast: Summon Small Mamm |       |    10 |    11 |       ||    21
         Blink             |       |     2 |     6 |     1 ||     9
         Call Canine Famil |       |     1 |    25 |     3 ||    29
         Summon Ice Beast  |       |       |     6 |     4 ||    10
Ability: Spit Poison       |    27 |    33 |    22 |     1 ||    83
  Evoke: Wand              |       |       |     3 |     5 ||     8
    Use: Scroll            |     5 |     9 |     4 |     5 ||    23
         Potion            |       |     6 |     5 |       ||    11
   Stab: Paralysed         |       |       |     3 |       ||     3
         Distracted        |       |       |     1 |       ||     1
 Armour: Leather armour    |    37 |    95 |   142 |       ||   274
         Ring mail         |       |       |   158 |    35 ||   193
  Dodge: Dodged            |    26 |    67 |   141 |    15 ||   249

Table legend: (Time is in decaauts)
 A = Elapsed time spent in this place.
 B = Non-inter-level travel time spent in this place.
 C = Inter-level travel time spent in this place.
 D = Time resting spent in this place.
 E = Time spent auto-exploring this place.
 F = Levels seen in this place.
 G = Mean time per level.
                   A        B        C        D        E       F      G
               +--------+--------+--------+--------+--------+-----+--------+
         Total |   9440 |   8933 |    507 |   1716 |   5461 |   9 | 1048.9 |
       Dungeon |   9332 |   8931 |    401 |   1716 |   5461 |   8 | 1166.5 |
        Temple |    107 |      1 |    106 |      0 |      0 |   1 |  107.0 |
               +--------+--------+--------+--------+--------+-----+--------+

Top non-repeatable levels by time:
     D:6: 1903 daAuts
     D:4: 1770 daAuts
     D:3: 1399 daAuts
     D:1: 1147 daAuts
     D:5: 1114 daAuts
     D:8: 859 daAuts
     D:7: 721 daAuts
     D:2: 417 daAuts
  Temple: 107 daAuts
